 Dungeon Crawl Stone Soup version 0.31.0-4-g52a2dc7128 (webtiles) character file.

Game seed: 6563231774213379271

107 SnakkuSnakku7 the Trooper (level 4, 37/38 HPs)
             Began as a Merfolk Earth Elementalist on Jan 22, 2024.
             Was a Believer of Jiyva.
             Quit the game on level 3 of the Dungeon.
             The game lasted 00:02:27 (1763 turns).

SnakkuSnakku7 the Trooper (MfEE)                    Turns: 1763, Time: 00:02:28

Health: 37/38      AC:  5    Str:  8    XL:     4   Next: 85%
Magic:  7/7        EV: 11    Int: 14    God:    Jiyva [**....]
Gold:   87         SH:  0    Dex: 22    Spells: 6/7 levels left

rFire   . . .        m - +8 hand axe of Yvveofi {flame, +Blink Will- Dex+6 Stlth+}
rCold   . . .        (no shield)
rNeg    . . .        c - +0 ring mail
rPois   .            (no helmet)
rElec   .            (no cloak)
rCorr   +            (no gloves)
SInv    .            (no boots)
Will    .....        (no amulet)
Stlth   +++          (no ring)
HPRegen 1.22/turn    (no ring)
MPRegen 0.58/turn

%: no passive effects
@: no status effects
A: (nimble swimmer 2), mertail
a: Renounce Religion, Evoke Blink


You were on level 3 of the Dungeon.
You worshipped Jiyva.
Jiyva was pleased with you.
You visited 1 branch of the dungeon, and saw 3 of its levels.

You collected 87 gold pieces.

Inventory:

Hand Weapons
 d - a +0 dagger of holy wrath
 f - a +0 short sword
 m - the +8 hand axe of Yvveofi (weapon) {flame, +Blink Will- Dex+6 Stlth+}
   (You found it on level 3 of the Dungeon)

   Dex+6:     It affects your dexterity (+6).
   Will-:     It decreases your willpower.
   +Blink:    It lets you blink.
   Stlth+:    It makes you more stealthy.
Armour
 a - a +0 robe
 c - a +0 ring mail (worn)
Scrolls
 g - a scroll of poison {unknown}
 l - a scroll of identify {unknown}
Potions
 b - a potion of magic
 e - 2 potions of haste {unknown}
 h - 2 potions of attraction {unknown}
 i - a potion of curing {unknown}
 j - a potion of degeneration {unknown}
 k - 3 potions of heal wounds {unknown}


   Skills:
 + Level 4.7 Fighting
 - Level 2.6 Dodging
 - Level 2.1 Stealth
 - Level 2.0 Spellcasting
 - Level 0.7 Conjurations
 - Level 2.4 Earth Magic


You had 6 spell levels left.
You knew the following spells:

 Your Spells              Type           Power      Damage    Failure   Level
a - Sandblast             Erth           16%        2d6       28%         1

Your spell library contained the following spells:

 Spells                   Type           Power      Damage    Failure   Level
 Sting                    Conj/Alch      8%         1d3       54%         1
 Apportation              Tloc           2%         N/A       58%         1
 Necrotise                Necr           4%         1d4       58%         1
 Summon Small Mammal      Summ           4%         N/A       58%         1
 Passwall                 Erth           8%         N/A       63%         3
 Momentum Strike          Conj/Tloc      4%         3d8       67%         2
 Blink                    Tloc           2%         N/A       73%         2
 Lesser Beckoning         Tloc           2%         N/A       73%         2
 Stone Arrow              Conj/Erth      10%        3d7       75%         3
 Brom's Barrelling Bould  Conj/Erth      5%         2d3       98%         4
 Petrify                  Alch/Erth      4%         N/A       99%         4


Dungeon Overview and Level Annotations

Branches:
Dungeon (3/15)

Altars:
Cheibriados
Makhleb
Jiyva

Shops:
D:2 [


Innate Abilities, Weirdness & Mutations

((You are very nimble when in or above water. (Stealth+, EV+, Speed+++)))
Your lower body shifts to a powerful aquatic tail in water.


Message History

A dart slug comes into view.
A dart slug is nearby!
Found a stone staircase leading down.
You hear a distant slurping noise.
Found a masterwork hand axe.
The dart slug completely misses you.
Jiyva says: Divide and consume!
You hit the dart slug.
The dart slug is heavily wounded.
The dart slug bites you.
You hit the dart slug.
You kill the dart slug!
You see here a dart slug corpse.
You hear a distant slurping noise.
There is a shaft here.
An orc comes into view. It is wielding a +0 short sword.
There is a shaft here.
You see here the +8 hand axe of Yvveofi {flame, +Blink Will- Dex+6 Stlth+}.
m - the +8 hand axe of Yvveofi {flame, +Blink Will- Dex+6 Stlth+} The jelly hits something.
You feel agile.
The +8 hand axe of Yvveofi {flame, +Blink Will- Dex+6 Stlth+} bursts into flame!
m - the +8 hand axe of Yvveofi (weapon)
{flame, +Blink Will- Dex+6 Stlth+} You hear a distant slurping noise.
You hear a slurping noise.
No target in view!
No target in view!
You swap places.
You hear a distant slurping noise.
You hear a distant slurping noise.
You hear a distant slurping noise.
Jiyva is now protecting you from corrosive effects.
A ribbon worm comes into view.
A ribbon worm is nearby!
The ribbon worm bites you.
The ribbon worm expels a string of sticky webbing.
The stream of webbing hits you but does no damage.
You are caught in a web!
There is a web here.
The web tears apart.
Are you sure you want to abandon this character and quit the game? (Confirm with "yes".)

#.....### #.#...#..
#.#.8... #########.....#
............## .##
#...........#...#
#..#......8...8..
###......w.@..#
..#..#J....J.##
#.#..#........#
#.#..#......8.J.8
######.#..#........#...
..........#..#..........
....##.#.##..#...#######
....##.#.##.......
#####.....


You could see a ribbon worm, 2 neutral jellies (fellow slime) and a neutral
endoplasm (wandering) (fellow slime).

Vanquished Creatures
  A bombardier beetle (D:3)
  An adder (D:2)
  6 dart slugs
  An orc (D:3)
  2 ball pythons (D:1)
  2 endoplasms
  2 giant cockroaches (D:1)
  7 goblins
  2 hobgoblins (D:1)
  3 jackals (D:1)
  6 kobolds
  4 quokkas
  2 bats
  2 frilled lizards
  7 rats
48 creatures vanquished.

Vanquished Creatures (others)
  2 ribbon worms (D:3)
  An orc (D:3)
  An endoplasm (D:3)
  A ball python (D:3)
  A bat (D:3)
  A frilled lizard (D:3)
  A kobold (D:3)
8 creatures vanquished.

Grand Total: 56 creatures vanquished

Notes
Turn   | Place    | Note
-------+----------+-------------------------------------------
     0 | D:1      | SnakkuSnakku7 the Merfolk Earth Elementalist began the
                  | quest for the Orb.
     0 | D:1      | Reached XP level 1. HP: 13/13 MP: 3/3
    83 | D:1      | Reached skill level 1 in Fighting
    93 | D:1      | Reached XP level 2. HP: 19/22 MP: 5/5
   184 | D:1      | Reached skill level 2 in Fighting
   384 | D:1      | Reached XP level 3. HP: 28/28 MP: 6/6
   456 | D:1      | Reached skill level 3 in Fighting
   965 | D:2      | Found Bixtuk's Antique Armour Boutique.
   981 | D:2      | Found a burning altar of Makhleb.
  1000 | D:2      | Reached XP level 4. HP: 19/37 MP: 7/7
  1066 | D:2      | Found a faded altar of an unknown god.
  1126 | D:2      | Prayed at the altar of an unknown god.
  1126 | D:2      | Became a worshipper of Jiyva Jazxy the Shapeless
  1126 | D:2      | Reached * piety under Jiyva
  1290 | D:2      | Reached skill level 4 in Fighting
  1580 | D:3      | Found a snail-covered altar of Cheibriados.
  1694 | D:3      | Identified the +8 hand axe of Yvveofi {flame, +Blink Will-
                  | Dex+6 Stlth+}
  1740 | D:3      | Reached ** piety under Jiyva
  1763 | D:3      | Quit the game

Illustrated notes

Levels and vault maps discovered:
D:1:      giann_wishing_wells, layout_basic, minmay_pentomino_z2
D:2:      layout_loops_ring, basic_altar,
          dreamdust_ecumenical_altar_angels_and_demons, serial_shops, shop
D:3:      layout_basic, kennysheep_slug_shrine, tso_oasis_becter,
          minmay_misc_feat_four_crosses, st_stairs_6, nicolae_wormholes

Skill      XL: |  1  2  3  4 |
---------------+-------------+-----
Fighting       | 1 2 3 4 |  4.7
Dodging        | |  2.6
Stealth        | |  2.1
Spellcasting   | |  2.0
Conjurations   | |  0.7
Earth Magic    | |  2.4

Action                     |  1- 3 |  4- 6 || total
---------------------------+-------+-------++-------
  Melee: Dagger            |    83 |       ||    83
         Short sword       |   133 |    66 ||   199
         Punch             |     1 |     1 ||     2
         Tailslap          |       |     2 ||     2
   Cast: Sandblast         |     1 |       ||     1
   Stab: Sleeping          |     2 |       ||     2
         Distracted        |     1 |       ||     1
 Armour: Ring mail         |   118 |    47 ||   165
  Dodge: Dodged            |   114 |    31 ||   145
